 Seeded DCSS version 0.28-a0-983-g1de4e0787c (webtiles) character file.

Game seed: 12130800008223909736 (custom seed)

12485 croobank the Severer (level 11, -3/69 HPs)
             Began as an Octopode Monk on Dec 2, 2021.
             Was a High Priest of Vehumet.
             Slain by a five-headed hydra (11 damage)
             ... on level 1 of the Lair of Beasts.
             The game lasted 01:14:05 (6946 turns).

croobank the Severer (Octopode Monk)                Turns: 6946, Time: 01:14:06

Health: -3/69      AC:  1    Str: 17    XL:     11   Next: 94%
Magic:  17/17      EV: 14    Int: 10    God:    Vehumet [*****.]
Gold:   244        SH:  0    Dex: 16    Spells: 8/18 levels left

rFire   + . .      SeeInvis .   w - +1 short sword (speed)
rCold   x . .      Faith    .   (no shield)
rNeg    . . .      Spirit   .   (helmet restricted)
rPois   .          Reflect  .   g - amulet of regeneration
rElec   .          Harm     .   h - ring of fire
rCorr   +          Rampage  .   t - ring of Grace {+Blink rF- rCorr Dex+2 Stlth+}
Will    .....                   j - ring "Jasoanuq" {rF+ Str+4 Int-5 Slay+5}
Stlth   +++++.....              (no ring)
HPRegen 1.01/turn               (no ring)
MPRegen 0.15/turn               (no ring)
                                (no ring)
                                (no ring)

@: no status effects
A: almost no armour, amphibious, 8 rings, camouflage 1, gelatinous body 1,
(nimble swimmer 1), tentacles
a: Renounce Religion, Evoke Blink


You were on level 1 of the Lair of Beasts.
You worshipped Vehumet.
Vehumet was extremely pleased with you.
You visited 3 branches of the dungeon, and saw 12 of its levels.

You collected 1237 gold pieces.
You spent 993 gold pieces at shops.

Inventory:

Hand Weapons
 a - the +8 war axe of Uxzaprie {spect, rPois rN++ Dex-2}
   (You bought it in a shop on level 6 of the Dungeon)

   When its wielder attacks, the weapon's spirit leaps out and strikes again.
   The spirit shares a part of any damage it takes with its wielder.
   Dex:       It affects your dexterity (-2).
   rPois:     It protects you from poison.
   rN:        It greatly protects you from negative energy.
 b - a +0 vorpal hunting sling
 m - a +1 short sword of draining
 w - a +1 short sword of speed (weapon)
 y - a +0 fustibalus
 C - a +1 scythe of protection
 M - a +2 long sword of flaming
 N - a +0 lajatang
 U - a +2 falchion of electrocution
Missiles
 c - 164 arrows
 i - 163 stones
 n - 10 poisoned darts
 p - 49 sling bullets
 u - 99 bolts
 E - 2 boomerangs
 K - a curare-tipped dart (quivered)
Magical Staves
 D - a staff of cold
Jewellery
 g - an amulet of regeneration (around mantle)
 h - a ring of fire (left tentacle)
 j - the ring "Jasoanuq" (on tentacle) {rF+ Str+4 Int-5 Slay+5}
   (You acquired it on level 6 of the Dungeon)

   [ring of protection from fire]

   Str:       It affects your strength (+4).
   Int:       It affects your intelligence (-5).
   Slay:      It affects your accuracy & damage with ranged weapons and melee
   (+5).
   rF:        It protects you from fire.
 t - the ring of Grace (right tentacle) {+Blink rF- rCorr Dex+2 Stlth+}
   (You acquired it on level 6 of the Dungeon)

   [ring of resist corrosion]

   Dex:       It affects your dexterity (+2).
   rF:        It makes you vulnerable to fire.
   +Blink:    It lets you blink.
   rCorr:     It protects you from acid and corrosion.
   Stlth:     It makes you more stealthy.
 G - an amulet of faith
Wands
 e - a wand of paralysis (14)
 f - a wand of iceblast (8)
 Q - a wand of polymorph (9)
 R - a wand of mindburst (7)
Scrolls
 l - 3 scrolls of enchant armour {enchant armor, unknown}
 q - a scroll of enchant weapon {enchant weapon, unknown}
 r - 3 scrolls of immolation {immolation, unknown}
 v - 2 scrolls of fog {fog, unknown}
 x - a scroll of identify
 z - 3 scrolls of teleportation {teleportation, unknown}
 F - a scroll of magic mapping
 H - a scroll of silence
 L - 3 scrolls of amnesia
 O - a scroll of noise {noise, unknown}
 T - a scroll of vulnerability
Potions
 d - 2 potions of flight {flight, unknown}
 k - a potion of degeneration {degeneration, unknown}
 o - 3 potions of heal wounds {heal wounds}
 s - 2 potions of lignification
 A - a potion of cancellation
 B - a potion of brilliance
 I - 3 potions of mutation
 J - a potion of magic
 P - a potion of curing
 S - a potion of might


   Skills:
 - Level 4.1 Fighting
 - Level 16.0 Axes
 - Level 0.4 Staves
 - Level 2.8 Slings
 - Level 3.5 Dodging
 - Level 5.2 Stealth
 - Level 4.4 Spellcasting
 + Level 1.5 Conjurations
 - Level 5.1 Hexes
 - Level 5.1 Transmutations
 + Level 1.5 Ice Magic
 + Level 1.5 Air Magic


You had 8 spell levels left.
You knew the following spells:

 Your Spells              Type           Power      Damage    Failure   Level
a - Yara's Violent Unrav  Hex/Tmut       6%         3d5       21%         5
b - Freezing Cloud        Conj/Ice/Air   2%         6-21      63%         5

Your spell library contained the following spells:

 Spells                   Type           Power      Damage    Failure   Level
 Poisonous Vapours        Pois/Air       6%         N/A       7%          2
 Animate Skeleton         Necr           4%         N/A       24%         1
 Apportation              Tloc           4%         N/A       24%         1
 Summon Small Mammal      Summ           8%         N/A       24%         1
 Corpse Rot               Necr/Air       6%         N/A       26%         2
 Iskenderun's Battlesphe  Conj           5%         2d6       63%         5
 Fireball                 Conj/Fire      2%         3d4       73%         5
 Alistair's Intoxication  Tmut/Pois      4%         N/A       93%         5
 Conjure Ball Lightning   Conj/Air       2%         3x3d6     98%         6
 Orb of Destruction       Conj           2%         9d1       100%        7


Dungeon Overview and Level Annotations

Branches:
Dungeon (10/15)            Temple (1/1) D:4            Lair (1/6) D:10
    Orc: D:9-12

Altars:
Ashenzari
Cheibriados
Dithmenos
Elyvilon
Fedhas
Gozag
Hepliaklqana
Kikubaaqudgha
Makhleb
Nemelex Xobeh
Okawaru
Qazlal
Ru
Sif Muna
Trog
Uskayaw
Vehumet
Wu Jian
Xom
Yredelemnul
Zin
The Shining One

Shops:
D:6 =*[(   D:7 **(   D:9 *


Innate Abilities, Weirdness & Mutations

You cannot wear most types of armour.
You are amphibious.
You can wear up to eight rings at the same time.
Your skin changes colour to match your surroundings (Stealth+).
Your rubbery body absorbs attacks. (AC +1, EV +1)
((You are camouflaged near water. (Stealth+)))
You have tentacles for arms and can constrict up to eight enemies at once.


Message History

You see here a +2 falchion of electrocution.
U - a +2 falchion of electrocution A five-headed hydra comes into view.
Your tentacles tingle!
w - a +1 short sword of speed (weapon)
The five-headed hydra roars!
Throw: 2 darts (curare)
Press: ? - help, Q - select action, (/) - cycle Shift-Dir - straight line, f - five-headed hydra
Aim: a five-headed hydra (82% to hit)
You throw a curare-tipped dart.
The curare-tipped dart hits the five-headed hydra.
You hit the five-headed hydra. You squeeze the five-headed hydra.
The five-headed hydra is lightly wounded.
You puncture the five-headed hydra!
Your squeeze misses the five-headed hydra.
The five-headed hydra is lightly wounded.
The five-headed hydra bites you.
The five-headed hydra completely misses you.
The five-headed hydra bites you but does no damage.
The five-headed hydra bites you.
The five-headed hydra closely misses you.
You hit the five-headed hydra.
The five-headed hydra is lightly wounded.
The five-headed hydra bites you!
The five-headed hydra bites you but does no damage.
The five-headed hydra bites you! The five-headed hydra bites you.
The five-headed hydra misses you.
It was a potion of heal wounds {heal wounds}.
You feel much better. The five-headed hydra bites you. x2
The five-headed hydra bites you! The five-headed hydra bites you.
The five-headed hydra bites you!
You hit the five-headed hydra.
Your squeeze misses the five-headed hydra.
The five-headed hydra is moderately wounded.
The five-headed hydra closely misses you.
The five-headed hydra bites you!
* * * LOW HITPOINT WARNING * * *
The five-headed hydra barely misses you.
The five-headed hydra bites you!
You die...

.............#
##........#.####
##.........##.##
#........P.....###
####.##...P## ..(
#......#####.#
#.##...##.##.###
#####......D...#
#.##.#.@##.#
######### .. ##


You could see a five-headed hydra.

Vanquished Creatures
  Pikel (D:8)
  Joseph (D:10)
  Maggie (D:7)
  A komodo dragon (D:10)
  2 trolls
  Sigmund (D:5)
  24 yaks
  Eustachio (D:6)
  2 wyverns (D:10)
  4 vampire mosquitoes (D:10)
  4 steam dragons
  Pargi (D:3)
  A water moccasin (D:10)
  An ice beast (D:7)
  An orc warrior (D:9)
  4 sky beasts
  5 black bears
  A necrophage (D:6)
  2 centaurs
  4 bullfrogs
  A wyvern zombie (D:8)
  A gnoll sergeant (D:7)
  3 wights (D:7)
  A howler monkey (D:9)
  A centaur zombie (D:10)
  4 hounds
  2 jellies (D:6)
  A bullfrog skeleton (D:6)
  6 orc priests
  3 gnoll shamans
  Jessica (D:3)
  An iguana (D:6)
  5 orc wizards
  A hound zombie (D:5)
  A howler monkey zombie (D:9)
  A howler monkey skeleton (D:7)
  29 gnolls
  4 adders
  A shadow imp (D:5)
  A white imp (D:6)
  An ufetubus (D:5)
  An adder zombie (D:5)
  2 worms
  4 dart slugs
  17 orcs
  3 endoplasms (D:1)
  2 giant cockroaches
  4 goblins
  5 hobgoblins
  4 kobolds
  3 quokkas
  2 ball pythons (D:2)
  3 bats
  2 frilled lizards
  3 rats
186 creatures vanquished.

Vanquished Creatures (others)
  48 fungi (D:10)
  45 plants
93 creatures vanquished.

Grand Total: 279 creatures vanquished

Notes
Turn   | Place    | Note
-------+----------+-------------------------------------------
     0 | D:1      | croobank the Octopode Monk began the quest for the Orb.
     0 | D:1      | Reached XP level 1. HP: 16/16 MP: 1/1
   144 | D:1      | Reached XP level 2. HP: 21/21 MP: 2/2
   675 | D:2      | Reached XP level 3. HP: 26/26 MP: 3/3
  1297 | D:3      | Noticed Pargi
  1316 | D:3      | Killed Pargi
  1317 | D:3      | Reached skill level 4 in Axes
  1317 | D:3      | Reached XP level 4. HP: 29/33 MP: 4/4
  1317 | D:3      | Reached XP level 5. HP: 33/37 MP: 5/5
  1390 | D:3      | Identified 3 scrolls of acquirement {acquirement}
  1390 | D:3      | Acquired a +2 hat
  1429 | D:3      | Noticed Jessica
  1432 | D:3      | Killed Jessica
  1567 | D:3      | You fall into a shaft and drop 3 floors!
  1567 | D:6      | Found Ygyota's Weapon Shop.
  1570 | D:6      | Acquired the ring of Grace {+Blink rF- rCorr Dex+2 Stlth+}
  1573 | D:6      | Acquired the ring "Jasoanuq" {rF+ Str+4 Int-5 Slay+5}
  1587 | D:5      | Entered Level 5 of the Dungeon
  1614 | D:5      | Noticed a sky beast
  1629 | D:5      | Killed a sky beast
  1630 | D:5      | Reached skill level 1 in Slings
  1630 | D:5      | Reached skill level 5 in Stealth
  1630 | D:5      | Reached XP level 6. HP: 16/43 MP: 6/6
  2324 | D:4      | Found a staircase to the Ecumenical Temple.
  2330 | Temple   | Entered the Ecumenical Temple
  2344 | Temple   | Became a worshipper of Vehumet
  2344 | Temple   | Reached * piety under Vehumet
  2344 | Temple   | Offered knowledge of Foxfire by Vehumet.
  2344 | Temple   | Reached ** piety under Vehumet
  2584 | D:4      | Offered knowledge of Static Discharge by Vehumet.
  2591 | D:4      | Reached skill level 1 in Spellcasting
  2663 | D:4      | Noticed a black bear
  2671 | D:4      | Killed a black bear
  2962 | D:4      | Found a white marble altar of Elyvilon.
  3130 | D:5      | Reached XP level 7. HP: 28/48 MP: 10/10
  3295 | D:5      | Noticed Sigmund
  3308 | D:5      | Killed Sigmund
  3518 | D:6      | Acquired 660 gold pieces
  3520 | D:6      | Bought the +8 war axe of Uxzaprie {spect, rPois rN++ Dex-2}
                  | for 993 gold pieces
  3532 | D:6      | Found Hicsephi's Antique Armour Boutique.
  3582 | D:6      | Found Wetiomp's General Store.
  3591 | D:6      | Reached skill level 5 in Axes
  3605 | D:6      | Reached XP level 8. HP: 51/54 MP: 14/14
  3618 | D:6      | Noticed Eustachio
  3638 | D:6      | Killed Eustachio
  3639 | D:6      | Reached skill level 6 in Axes
  3681 | D:6      | Offered knowledge of Ignite Poison by Vehumet.
  3704 | D:6      | Reached skill level 7 in Axes
  3743 | D:6      | Found Leclugu's Jewellery Shop.
  3937 | D:6      | Reached skill level 8 in Axes
  3939 | D:6      | Reached *** piety under Vehumet
  4194 | D:7      | Reached skill level 9 in Axes
  4194 | D:7      | Reached XP level 9. HP: 58/58 MP: 15/15
  4250 | D:7      | Found Hobu's Weapon Emporium.
  4315 | D:7      | Offered knowledge of Frozen Ramparts by Vehumet.
  4357 | D:7      | Found Sostroc's General Store.
  4379 | D:7      | Reached skill level 10 in Axes
  4474 | D:7      | Found Mijiuple's Assorted Antiques.
  4565 | D:7      | Noticed Maggie
  4573 | D:7      | Killed Maggie
  4746 | D:7      | Reached skill level 11 in Axes
  4802 | D:7      | Reached skill level 15 in Axes
  4802 | D:7      | Reached XP level 10. HP: 63/63 MP: 16/16
  4885 | D:8      | Reached **** piety under Vehumet
  4921 | D:8      | Found a shimmering blue altar of Sif Muna.
  4969 | D:8      | Offered knowledge of Yara's Violent Unravelling by Vehumet.
  5034 | D:8      | Noticed Pikel
  5044 | D:8      | Killed Pikel
  5045 | D:8      | Reached XP level 11. HP: 53/69 MP: 17/17
  5051 | D:8      | Reached skill level 16 in Axes
  5057 | D:8      | Learned a level 5 spell: Yara's Violent Unravelling
  5084 | D:8      | Reached skill level 1 in Hexes
  5084 | D:8      | Reached skill level 1 in Transmutations
  5085 | D:8      | Found a sacrificial altar of Ru.
  5794 | D:9      | Found Yqudeimu's Neck Hole.
  6103 | D:10     | Entered Level 10 of the Dungeon
  6410 | D:10     | Noticed Joseph
  6418 | D:10     | HP: 3/69 [Joseph (8)]
  6420 | D:10     | Killed Joseph
  6576 | D:10     | Found a staircase to the Lair.
  6653 | D:10     | Found a basalt altar of Yredelemnul.
  6684 | D:10     | Reached ***** piety under Vehumet
  6685 | D:10     | Reached skill level 5 in Transmutations
  6686 | D:10     | Reached skill level 5 in Hexes
  6687 | D:10     | Offered knowledge of Freezing Cloud by Vehumet.
  6707 | D:10     | Learned a level 5 spell: Freezing Cloud
  6828 | D:10     | Reached skill level 1 in Conjurations
  6828 | D:10     | Reached skill level 1 in Air Magic
  6830 | D:10     | Reached skill level 1 in Ice Magic
  6901 | Lair:1   | Entered Level 1 of the Lair of Beasts
  6937 | Lair:1   | Noticed a five-headed hydra
  6946 | Lair:1   | Slain by a five-headed hydra

Illustrated notes

Levels and vault maps discovered:
D:1:      minmay_arrival_checkered_box, layout_basic, minmay_pentomino_q2
D:2:      layout_loops_cross
D:3:      layout_loops_corners, serial_bayou, serial_bayou_pond_c,
          serial_bayou_lagoon_b, serial_bayou_pond_c, serial_bayou_pond_e,
          uniq_pargi, uniq_jessica
D:4:      layout_basic, marbit_many_paths, minmay_temple_entry_enclosed_plants,
          hex_intersection
D:5:      layout_rooms, uniq_sigmund
D:6:      layout_rooms, serial_shops, shop, nicolae_diamond_shop,
          nicolae_shop_advertising_works [nicolae_subvault_shop_adworks], shop,
          chequers_serial_rivers_micro_a, uniq_eustachio
D:7:      layout_cave_pools, serial_gnoll_camp, gnoll_camp_mini_shop,
          gnoll_camp_mini_loothouse, gnoll_camp_mini_sergeant,
          gnoll_camp_mini_shop, serial_shops, kennysheep_little_box, uniq_maggie
D:8:      layout_basic, lemuel_round_altar, mainiacjoe_overflow_catwalk,
          uniq_pikel
D:9:      layout_cave_pools, nicolae_shop_sticking_my_neck_out
D:10:     layout_roguey, general_overflow_altar, due_lair_maze_entry_diamond,
          uniq_joseph
Temple:   mainiacjoe_temple_coin_purse
Lair:1:   layout_loops_ring, minmay_lair_oklob_items, lemuel_old_faithful,
          serial_bayou_shore_b

Skill      XL: |  1  2  3  4  5  6  7  8  9 10 11 |
---------------+----------------------------------+-----
Stealth        | 3 4 5 |  5.2
Axes           | 4 5 9 15 16 | 16.0
Fighting       | 4 |  4.1
Slings         | 1 2 |  2.8
Spellcasting   | 2 4 |  4.4
Hexes          | 5 |  5.1
Transmutations | 5 |  5.1
Conjurations   | 1 |  1.5
Air Magic      | 1 |  1.5
Ice Magic      | 1 |  1.5
Staves         | |  0.4
Dodging        | |  3.5

Action                   |  1- 3 |  4- 6 |  7- 9 | 10-12 || total
-------------------------+-------+-------+-------+-------++-------
Melee: Hand axe          |    50 |    49 |    20 |       ||   119
       Tentacles         |    10 |    10 |    16 |    41 ||    77
       Constrict         |    14 |    12 |    28 |    18 ||    72
       War axe           |       |       |    66 |   115 ||   181
       Short sword       |       |       |       |     4 ||     4
 Fire: Hunting sling     |     6 |       |       |       ||     6
Throw: Dart              |       |     8 |    30 |    17 ||    55
       Throwing net      |       |     1 |       |       ||     1
       Stone             |       |       |     3 |       ||     3
       Boomerang         |       |       |       |     7 ||     7
Evoke: Wand              |       |       |     3 |       ||     3
  Use: Scroll            |     1 |     3 |     5 |     7 ||    16
       Potion            |     1 |       |     2 |     2 ||     5
 Stab: Sleeping          |    15 |     4 |     8 |     3 ||    30
       Distracted        |       |       |       |     1 ||     1
Armor: Skin              |       |     1 |     3 |     3 ||     7
Dodge: Dodged            |    21 |    30 |    71 |    61 ||   183

Table legend: (Time is in decaauts)
 A = Elapsed time spent in this place.
 B = Non-inter-level travel time spent in this place.
 C = Inter-level travel time spent in this place.
 D = Time resting spent in this place.
 E = Time spent auto-exploring this place.
 F = Levels seen in this place.
 G = Mean time per level.
                   A        B        C        D        E       F      G
               +--------+--------+--------+--------+--------+-----+--------+
         Total |   6937 |   6734 |    203 |    349 |   4331 |  12 |  578.1 |
       Dungeon |   6785 |   6594 |    191 |    349 |   4256 |  10 |  678.5 |
        Temple |    108 |     96 |     12 |      0 |     75 |   1 |  108.0 |
          Lair |     43 |     43 |      0 |      0 |      0 |   1 |   43.0 |
               +--------+--------+--------+--------+--------+-----+--------+

Top non-repeatable levels by time:
     D:3: 827 daAuts
     D:4: 741 daAuts
     D:7: 730 daAuts
     D:8: 716 daAuts
    D:10: 709 daAuts
     D:1: 674 daAuts
     D:9: 627 daAuts
     D:2: 627 daAuts
     D:6: 600 daAuts
     D:5: 532 daAuts
  Temple: 108 daAuts
  Lair:1: 43 daAuts
